 Dungeon Crawl Stone Soup version 0.22.1-1-ga44c0e5 (webtiles) character file.

29 nightchill the Ruffian (level 3, -4/30 HPs)
             Began as a Ghoul Warper on Oct 31, 2018.
             Slain by a hound (5 damage)
             ... on level 2 of the Dungeon.
             The game lasted 00:02:15 (1320 turns).

nightchill the Ruffian (Ghoul Warper)               Turns: 1320, Time: 00:02:16

Health: -4/30      AC:  3    Str: 15    XL:     3   Next: 16%
Magic:  4/4        EV: 11    Int:  8    God:
Gold:   69         SH:  0    Dex:  8    Spells: 3/5 levels left

rFire    . . .     SeeInvis .     - Unarmed
rCold    + . .     Gourm    .   (no shield)
rNeg     + + +     Faith    .   a - +0 leather armour
rPois    ∞         Spirit   .   (no helmet)
rElec    .         Reflect  .   b - scarf {cloud immunity}
rCorr    .         Harm     .   (no gloves)
MR       .....                  (no boots)
Stlth    +.........             (no amulet)
HPRegen  0.00/turn              (no ring)
MPRegen  0.09/turn              (no ring)

@: rotting
A: rotting body, claws 1, carnivore, cold resistance 1, negative energy
resistance 3, inhibited regeneration, torment resistance, unbreathing
a: no special abilities


You were on level 2 of the Dungeon.
You were not hungry.

You visited 1 branch of the dungeon, and saw 2 of its levels.

You collected 69 gold pieces.

Inventory:

Missiles
 d - 5 tomahawks of dispersal (quivered)
 g - 14 stones
Armour
 a - a +0 leather armour (worn)
 b - a scarf of cloud immunity (worn)
Scrolls
 c - a scroll of blinking
 e - a scroll of teleportation {unknown}
 i - a scroll of identify {unknown}
Potions
 h - a potion of lignification {unknown}
Comestibles
 f - 2 rations


   Skills:
 + Level 2.8 Fighting
 - Level 0.8 Throwing
 - Level 0.8 Armour
 - Level 1.7 Dodging
 * Level 3.4 Unarmed Combat
 - Level 1.7 Spellcasting
 - Level 2.6 Translocations


You had 3 spell levels left.
You knew the following spells:

 Your Spells              Type           Power        Failure   Level  Hunger
a - Blink                 Tloc           N/A          22%         2    ###....

Your spell library contained the following spells:

 Spells                   Type           Power        Failure   Level  Hunger
 Shroud of Golubria       Chrm/Tloc      #.........   36%         2    ###....
 Gell's Gravitas          Tloc           #.........   41%         3    ####...
 Lesser Beckoning         Tloc           #.........   41%         3    ####...
 Teleport Other           Tloc           #.......     41%         3    ####...
 Passage of Golubria      Tloc           N/A          83%         4    #####..


Dungeon Overview and Level Annotations

Branches:
Dungeon (2/15)

Altars:


Innate Abilities, Weirdness & Mutations

Your body is rotting away.
You thrive on raw meat.
You are immune to poison.
You have sharp fingernails.
You are carnivorous and can eat meat at any time.
Your flesh is cold resistant. (rC+)
You are immune to negative energy. (rN+++)
You do not regenerate when monsters are visible.
You are immune to unholy pain and torment.
You can survive without breathing.


Message History

The hound bites you. The worm bites you but does no damage.
You scratch the worm.
The worm is severely wounded.
The hound barely misses you. x2
You scratch the worm.
The worm is severely wounded.
The hound bites you. The worm bites you!
* * * LOW HITPOINT WARNING * * *
You claw the worm!
You kill the worm!
The hound barely misses you.
You barely miss the hound. The hound completely misses you.
The hound misses you.
You barely miss the hound. The hound bites you but does no damage.
You scratch the hound.
The hound is lightly wounded.
The hound bites you.
* * * LOW HITPOINT WARNING * * *
The hound bites you.
You die...

.. ...
..###### #
#.....#
#.#.....##
.........
#......h#
.......@#
....#.###
. #


You could see a hound.

Vanquished Creatures
  An adder (D:1)
  A worm (D:2)
  2 leopard geckos (D:1)
  5 goblins (D:1)
  A hobgoblin (D:1)
  2 bats (D:1)
  A kobold (D:1)
  2 rats (D:1)
15 creatures vanquished.

Notes
Turn   | Place    | Note
-------+----------+-------------------------------------------
     0 | D:1      | nightchill the Ghoul Warper began the quest for the Orb.
     0 | D:1      | Reached XP level 1. HP: 17/17 MP: 2/2
   480 | D:1      | Reached XP level 2. HP: 22/24 MP: 3/3
   488 | D:1      | Learned a level 2 spell: Blink
   753 | D:1      | Reached skill level 3 in Unarmed Combat
  1184 | D:1      | Reached XP level 3. HP: 15/30 MP: 4/4
  1320 | D:2      | HP: 1/30 [hound (5)]
  1320 | D:2      | Slain by a hound

Skill      XL: |  1  2 |
---------------+-------+-----
Unarmed Combat | 3 |  3.4
Fighting       | |  2.8
Throwing       | |  0.8
Armour         | |  0.8
Dodging        | |  1.7
Spellcasting   | |  1.7
Translocations | |  2.6

Action                   || total
-------------------------++-------
Melee: Unarmed           ||    74
  Eat: Chunk             ||     8
Armor: Leather armour    ||    27
Dodge: Dodged            ||    55
